 Dungeon Crawl Stone Soup version 0.28.0 (webtiles) character file.

Game seed: 8085628273875876059

41 GrayStillPlays the Insei (level 3, -2/28 HPs)
             Began as a Gnoll Transmuter on Feb 9, 2022.
             Slain by an adder (3 damage)
             ... on level 3 of the Dungeon.
             The game lasted 00:02:29 (2240 turns).

GrayStillPlays the Insei (Gnoll Transmuter)         Turns: 2240, Time: 00:02:30

Health: -2/28      AC:  2    Str:  7    XL:     3   Next: 52%
Magic:  9/9        EV: 13    Int: 14    God:
Gold:   183        SH:  0    Dex: 12    Spells: 11/12 levels left

rFire   . . .      SeeInvis .   l - +0 broad axe {axe}
rCold   . . .      Faith    .   (no shield)
rNeg    . . .      Spirit   .   a - +0 robe
rPois   .          Reflect  .   (no helmet)
rElec   .          Harm     .   (no cloak)
rCorr   .          Rampage  .   (no gloves)
Will    .....      Rage     1%  (no boots)
Stlth   +.........              (no amulet)
HPRegen 0.09/turn               (no ring)
MPRegen 0.11/turn               (no ring)

@: lethally poisoned (-2 -> -6)
A: fangs 1, strong nose, distributed training, berserk 1, weak 1
a: no special abilities


You were on level 3 of the Dungeon.
You visited 1 branch of the dungeon, and saw 3 of its levels.

You collected 183 gold pieces.


Innate Abilities, Weirdness & Mutations

You have very sharp teeth.
Your uncanny sense of smell can sniff out nearby items.
Your experience applies equally to all skills.
You tend to lose your temper in combat.
You are weak. (Str -2)


   Skills:
 + Level 2.6 Fighting
 + Level 0.8 Short Blades
 + Level 0.8 Long Blades
 + Level 0.8 Axes
 + Level 0.8 Maces & Flails
 + Level 0.8 Polearms
 + Level 0.8 Staves
 + Level 0.8 Slings
 + Level 0.8 Bows
 + Level 0.8 Crossbows
 + Level 0.8 Throwing
 + Level 0.8 Armour
 + Level 4.5 Dodging
 + Level 0.8 Stealth
 + Level 0.8 Shields
 + Level 6.5 Unarmed Combat
 + Level 5.0 Spellcasting
 + Level 0.5 Conjurations
 + Level 0.5 Hexes
 + Level 0.5 Summonings
 + Level 0.5 Necromancy
 + Level 0.5 Translocations
 + Level 3.7 Transmutations
 + Level 0.5 Fire Magic
 + Level 0.5 Ice Magic
 + Level 0.5 Air Magic
 + Level 0.5 Earth Magic
 + Level 0.5 Poison Magic
 + Level 1.0 Invocations
 + Level 0.8 Evocations


You had 11 spell levels left.
You knew the following spells:

 Your Spells              Type           Power      Damage    Failure   Level
a - Beastly Appendage     Tmut           28%        N/A       3%          1

Your spell library contained the following spells:

 Spells                   Type           Power      Damage    Failure   Level
 Wereblood                Tmut           14%        N/A       5%          2
 Spider Form              Tmut/Pois      9%         N/A       22%         3
 Ice Form                 Ice/Tmut       9%         N/A       56%         4

Inventory:

Hand Weapons
 l - a +0 broad axe (weapon) {axe}
   (You found it on level 2 of the Dungeon)
Missiles
 c - 62 stones {throwing}
 d - 18 bolts
Armour
 a - a +0 robe (worn)
 i - a +0 helmet
   (You found it on level 2 of the Dungeon)
Scrolls
 b - 2 scrolls of identify {unknown}
 e - 2 scrolls of fear {unknown}
 g - 4 scrolls of magic mapping {unknown}
 j - a scroll of vulnerability {unknown}
 k - a scroll of teleportation {unknown}
 m - a scroll of brand weapon {unknown}
Potions
 f - a potion of haste {unknown}

Dungeon Overview and Level Annotations

Branches:
Dungeon (3/15)

Altars:

#.....<.......
##...########.
##.## #.#
##'## ##..$##
##.....##
##.......##
#......@..#
+......S..+
#.........#
##.......##
##.....##
##...## ##+#


You could see an adder.


Message History

You lost 1 mp, and now have 8/9 mp.
You miss the frilled lizard. Your kick misses the frilled lizard.
The frilled lizard barely misses you.
The frilled lizard bites you but does no damage.
You hit the frilled lizard.
You kill the frilled lizard!
No target in view!
Your transformation is almost over.
You see here a frilled lizard corpse.
Your horns disappear.
Your talons disappear.
Key pressed, stopping explore.
Done exploring. 😎 MP[+1]
Your mp is fully restored (9).
Done exploring.
Done exploring.
There is a stone staircase leading down here.
You climb downwards.
There is a stone staircase leading up here.
A ball python is nearby!
You grow a pair of large bovine horns.
Your feet morph into talons.
The ball python hisses angrily. 😎 MP[-1]
You lost 1 mp, and now have 8/9 mp.
You hit the ball python. You headbutt the ball python.
You kill the ball python!
No target in view!
No target in view!
No target in view!
Your transformation is almost over.
g - 4 scrolls labelled EHIBER YDEMAU (gained 1)
You open the door.
An adder comes into view.
There is an open door here. 😎 MP[+1]
Your mp is fully restored (9).
An adder is nearby!
You miscast Beastly Appendage.
You are very lightly contaminated with residual magic.
Nothing appears to happen.
Your horns disappear.
Your talons disappear. 😎 MP[-1]
You lost 1 mp, and now have 8/9 mp.
You see here 6 gold pieces.
The adder hisses angrily.
The adder bites you. The adder closely misses you. 😕 HP[-4]
You take 4 damage, and now have 24/28 hp.
You barely miss the adder. You punch the adder. The adder bites you.
The adder barely misses you. 😮 HP[-3]
You take 3 damage, and now have 21/28 hp.
You are too injured to fight recklessly!
You are too injured to fight recklessly!
You are too injured to fight recklessly!
You are too injured to fight recklessly!
You are too injured to fight recklessly!
You are too injured to fight recklessly!
You are too injured to fight recklessly!
You are too injured to fight recklessly!
You barely miss the adder. Your bite misses the adder.
The adder closely misses you. The adder misses you.
Your magical contamination has completely faded away.
You hit the adder but do no damage. The adder bites you.
The adder barely misses you. 😮 HP[-2] MP[+1]
You take 2 damage, and now have 19/28 hp.
Your mp is fully restored (9).
You miss the adder. Your bite misses the adder. The adder bites you.
You are poisoned.
The adder poisons you! The adder barely misses you. 😮 HP[-1]
You take 1 damage, and now have 18/28 hp.
You hit the adder.
You feel very sick. The adder bites you.
* * * LOW HITPOINT WARNING * * *
The adder bites you.
* * * LOW HITPOINT WARNING * * *
😨 HP[-10]
You take 10 damage, and now have 8/28 hp.
MASSIVE DAMAGE!! (PAUSE)
You hit the adder but do no damage.
You feel sick. The adder bites you.
* * * LOW HITPOINT WARNING * * *
You are lethally poisoned!
The adder poisons you! The adder closely misses you. 😱 HP[-3]
You take 3 damage, and now have 5/28 hp.
You barely miss the adder.
* * * LOW HITPOINT WARNING * * *
You feel very sick. The adder misses you.
The adder completely misses you. 😱 HP[-3]
You take 3 damage, and now have 2/28 hp.
Unknown command.
It was a potion of mutation.
You feel extremely strange.
You feel weaker.
You feel a little pissed off.
* * * LOW HITPOINT WARNING * * *
You feel sick. The adder bites you.
You die...

Skill      XL: |  1  2  3 |
---------------+----------+-----
Spellcasting   | 5 |  5.0
Invocations    | 1 |  1.0
Fighting       | |  2.6
Short Blades   | |  0.8
Long Blades    | |  0.8
Axes           | |  0.8
Maces & Flails | |  0.8
Polearms       | |  0.8
Staves         | |  0.8
Slings         | |  0.8
Bows           | |  0.8
Crossbows      | |  0.8
Throwing       | |  0.8
Armour         | |  0.8
Dodging        | |  4.5
Stealth        | |  0.8
Shields        | |  0.8
Unarmed Combat | |  6.5
Conjurations   | |  0.5
Hexes          | |  0.5
Summonings     | |  0.5
Necromancy     | |  0.5
Translocations | |  0.5
Transmutations | |  3.7
Fire Magic     | |  0.5
Ice Magic      | |  0.5
Air Magic      | |  0.5
Earth Magic    | |  0.5
Poison Magic   | |  0.5
Evocations     | |  0.8

Action                   || total
-------------------------++-------
Melee: Unarmed           ||    63
       Kick              ||    10
       Bite              ||     6
       Punch             ||     2
       Headbutt          ||     7
       Broad axe         ||    12
 Cast: Beastly Appendage ||    22
  Use: Potion            ||     1
 Stab: Sleeping          ||     1
Armor: Robe              ||    11
Dodge: Dodged            ||    59

Levels and vault maps discovered:
D:1:      noname_arrival_rooms_in_the_neighbourhood, layout_basic,
          ebering_ecumenical_altar_abandoned, minmay_crystal_water
D:2:      layout_basic, minmay_misc_feat_ornament, minmay_gold_behind_fungi
D:3:      layout_loops_corners

Notes
Turn   | Place    | Note
-------+----------+-------------------------------------------
     0 | D:1      | GrayStillPlays the Gnoll Transmuter began the quest for the
                  | Orb.
     0 | D:1      | Reached XP level 1. HP: 17/17 MP: 6/6
     0 | D:1      | magus.rc [v1.9.6]
   231 | D:1      | Reached XP level 2. HP: 14/23 MP: 5/7
   522 | D:1      | Found a faded altar of an unknown god.
  1301 | D:2      | Reached skill level 5 in Spellcasting
  1301 | D:2      | Reached XP level 3. HP: 28/28 MP: 6/9
  1888 | D:2      | Reached skill level 1 in Invocations
  2238 | D:3      | HP: 7/28 [poisoned by an adder]
  2239 | D:3      | HP: 2/28 [poisoned by an adder]
  2240 | D:3      | Gained mutation: You are weak. (Str -2) [potion of
                  | mutation]
  2240 | D:3      | Gained mutation: You tend to lose your temper in combat.
                  | [potion of mutation]
  2240 | D:3      | Slain by an adder

Vanquished Creatures
  An ufetubus (D:2)
  A worm (D:2)
  A dart slug (D:1)
  5 ball pythons
  2 endoplasms
  2 giant cockroaches
  2 goblins
  A hobgoblin (D:1)
  6 kobolds
  2 quokkas (D:1)
  2 bats (D:2)
  A frilled lizard (D:2)
  4 rats
30 creatures vanquished.

Vanquished Creatures (others)
  8 fungi (D:2)
  5 toadstools (D:2)
13 creatures vanquished.

Grand Total: 43 creatures vanquished

Table legend:
 A = Non-vault XP
 B = Vault XP
 C = Vault XP percentage of total XP
 D = Non-vault monster count
 E = Vault monster count
 F = Vault count percentage of total count
                 A         B        C        D         E       F
            +---------+---------+-------+---------+---------+-------
      Total |      59 |       0 |   0.0 |      30 |       0 |   0.0
            +---------+---------+-------+---------+---------+-------
        D:1 |      28 |       0 |   0.0 |      16 |       0 |   0.0
        D:2 |      30 |       0 |   0.0 |      13 |       0 |   0.0
        D:3 |       1 |       0 |   0.0 |       1 |       0 |   0.0
            +---------+---------+-------+---------+---------+-------

Illustrated notes

Table legend:
 A = Kills in this place as a percentage of kills in entire the game.
 B = Kills by you in this place as a percentage of kills by you in the entire game.
 C = Kills by friends in this place as a percentage of kills by friends in the entire game.
 D = Other kills in this place as a percentage of other kills in the entire game.
 E = Experience gained in this place as a percentage of experience gained in the entire game.
 F = Experience gained in this place divided by the number of levels of this place that you have seen.
                   A       B       C       D       E      F
               +-------+-------+-------+-------+-------+----------------------
         Total | 100.0 | 100.0 |   N/A |   N/A | 100.0 |  19.7
       Dungeon | 100.0 | 100.0 |   N/A |   N/A | 100.0 |  19.7
               +-------+-------+-------+-------+-------+----------------------

Table legend: (Time is in decaauts)
 A = Elapsed time spent in this place.
 B = Non-inter-level travel time spent in this place.
 C = Inter-level travel time spent in this place.
 D = Time resting spent in this place.
 E = Time spent auto-exploring this place.
 F = Levels seen in this place.
 G = Mean time per level.
                   A        B        C        D        E       F      G
               +--------+--------+--------+--------+--------+-----+--------+
         Total |   2239 |   2178 |     61 |      0 |   1953 |   3 |  746.3 |
       Dungeon |   2239 |   2178 |     61 |      0 |   1953 |   3 |  746.3 |
               +--------+--------+--------+--------+--------+-----+--------+

Top non-repeatable levels by time:
     D:1: 1155 daAuts
     D:2: 1049 daAuts
     D:3: 35 daAuts
